 Dungeon Crawl Stone Soup version 0.11.3 (webtiles) character file.

59 fluffyball the Sneak (level 2, 0/12 HPs)
             Began as a Felid Stalker on Oct 3, 2013.
             Succumbed to a kobold's poison
             ... on Level 3 of the Dungeon.
             The game lasted 00:01:50 (1006 turns).

fluffyball the Sneak (Felid Stalker)                Turns: 1006, Time: 00:01:50

HP   0/12        AC  1     Str  6      XL: 2   Next: 57%
MP   3/3         EV 18     Int 13      God:
Gold 40          SH  0     Dex 17      Spells:  2 memorised,  0 levels left
Lives: 0, deaths: 0

Res.Fire  : . . .   See Invis. : +     - Unarmed
Res.Cold  : . . .   Warding    : .   (armour unavailable)
Life Prot.: . . .   Conserve   : .   (shield unavailable)
Res.Poison: .       Res.Corr.  : .   (helmet unavailable)
Res.Elec. : .       Clarity    : .   (cloak unavailable)
Sust.Abil.: . .     Spirit.Shd : .   (gloves unavailable)
Res.Mut.  : .       Stasis     : .   (boots unavailable)
Res.Rott. : .       Ctrl.Telep.: .   (no amulet)
Saprovore : . . .   Levitation : .   (no ring) Ctrl.Flight: .
                                     (no ring)

@: quite poisoned, quick, slightly resistant to hostile enchantments, quite
stealthy
A: paw claws, no armour, no advanced items, fangs 3, see invisible, carnivore 3,
speed 1, slow metabolism 1, AC +1
a: no special abilities


You were on level 3 of the Dungeon.
You were not hungry.

You visited 1 branch of the dungeon, and saw 3 of its levels.

You collected 20 gold pieces.

Inventory:

Comestibles
 f - a meat ration
Scrolls
 a - 2 scrolls of random uselessness {unknown}
 b - a scroll of enchant weapon I {unknown}
 c - 2 scrolls of teleportation {unknown}
 j - 2 scrolls of identify {unknown}
 k - a scroll of enchant armour {unknown}
Potions
 e - 2 potions of confusion
 g - a potion of brilliance {unknown}
 h - a potion of curing {unknown}
 i - a potion of resistance {unknown}
Books
 d - a book of Stalking

   Spells                             Type                      Level
   *Fulsome Distillation              Transmutation/Necromancy     1
   *Evaporate                         Fire/Transmutation           2
   Passwall                           Transmutation/Earth          3
   Petrify                            Transmutation/Earth          4
   Dig                                Transmutation/Earth          4


   Skills:
 - Level 1.0 Fighting
 + Level 2.8 Dodging
 + Level 2.8 Stealth
 - Level 2.6 Stabbing
 * Level 2.4 Unarmed Combat
 - Level 1.0 Spellcasting
 - Level 2.1 Transmutations


You couldn't memorise any spells.
You knew the following spells:

 Your Spells              Type           Power        Failure   Level  Hunger
a - Fulsome Distillation  Trmt/Necr      N/A          21%         1    ##.....
b - Evaporate             Fire/Trmt      #......      30%         2    ###....


Dungeon Overview and Level Annotations

Branches:
Dungeon (3/27)

Altars:

Annotations
D:2 Terence


Innate Abilities, Weirdness & Mutations

You cannot wear armour.
You are incapable of any advanced item manipulation.
Your paws have sharp claws.
You have razor-sharp teeth.
You have supernaturally acute eyesight.
You are carnivorous and can eat meat at any time.
You cover ground quickly.
You are covered in fur (AC +1).
You have a slow metabolism.


Message History

The kobold shouts!
The kobold wields an elven blowgun.
The kobold shoots a poisoned needle.
The poisoned needle hits you!
You are poisoned.
The kobold shoots a poisoned needle.
The poisoned needle misses you.
You feel sick.
The kobold shoots a poisoned needle.
The poisoned needle hits you!
You are more poisoned.
You see here a poisoned needle.
You feel sick.
The kobold shoots a poisoned needle.
The poisoned needle misses you.
You feel sick.
The kobold shoots a poisoned needle.
The poisoned needle misses you.
Drink which item? (? for menu, Esc to quit)
Okay, then.
You feel sick.
The kobold hits you with an elven blowgun.
* * * LOW HITPOINT WARNING * * *
You scratch the kobold but do no damage.
You die...

.............#...
#.............
#((.........
#............
#............
#.<.(........
#####.......#.#..
............+ #
....#....@..#
..........K..+
.....#.....[#
....#.......#
...##........
#......#..
#......##
#....... ...


You could see a kobold.

Vanquished Creatures
  5 bats
  3 goblins (D:1)
  A hobgoblin (D:1)
  3 kobolds (D:1)
  A ball python (D:1)
  3 giant newts (D:1)
  4 rats
  A toadstool (D:1)
21 creatures vanquished.

Vanquished Creatures (others)
  3 toadstools (D:1)
3 creatures vanquished.

Grand Total: 24 creatures vanquished

Notes
Turn   | Place    | Note
--------------------------------------------------------------
     0 | D:1      | fluffyball, the Felid Stalker, began the quest for the Orb.
     0 | D:1      | Reached XP level 1. HP: 9/9 MP: 2/2
   294 | D:1      | Reached XP level 2. HP: 12/12 MP: 3/3
   946 | D:2      | Learned a level 2 spell: Evaporate
   974 | D:2      | Noticed Terence
  1006 | D:3      | Succumbed to a kobold's poison
